 Dungeon Crawl Stone Soup version 0.21-a0-110-g8e1637b (webtiles) character file.

54284 Ijustatesigmund the Brawler (level 14, -3/146 HPs)
             Began as a Troll Monk on July 7, 2017.
             Was a High Priest of Wu Jian.
             Slain by a spiny frog (10 damage)
             ... on level 3 of the Lair of Beasts.
             The game lasted 01:02:43 (15557 turns).

Ijustatesigmund the Brawler (Troll Monk)           Turns: 15557, Time: 01:02:44

Health: -3/146     AC: 13    Str: 22    XL:     14   Next: 34%
Magic:  13/13      EV: 10    Int:  8    God:    Wu Jian [*****.]
Gold:   1095       SH: 10    Dex: 14    Spells: 13/13 levels left

rFire    + . .     SeeInvis .     - Unarmed
rCold    . . .     Gourm    +   K - +0 shield
rNeg     . . .     Faith    .   o - +2 troll leather armour {Purgy}
rPois    +         Spirit   .   q - +2 hat
rElec    .         Reflect  .   s - +1 cloak
rCorr    .         Harm     .   (gloves unavailable)
MR       ++...                  (boots unavailable)
Stlth    +.........             T - amulet of rage
HPRegen  1.14/turn              y - ring of protection from fire
MPRegen  0.13/turn              H - ring of poison resistance

@: exhausted
A: unfitting armour, antennae 1, claws 3, talons 1, fast metabolism 3, gourmand,
magic resistance 1, regeneration 1, shaggy fur 1, tough skin 2
a: Serpent's Lash, Heavenly Storm, Renounce Religion, Evoke Berserk Rage


You were on level 3 of the Lair of Beasts.
You worshipped Wu Jian.
Wu Jian was extremely pleased with you.
You were very full.

You visited 3 branches of the dungeon, and saw 19 of its levels.
You also visited: Sewer.

You collected 1095 gold pieces.

Inventory:

Hand Weapons
 l - a +6 giant spiked club
 A - the +8 flail "Vifagop" {speed, rC+ MR+ Dex+2}
   (You found it on level 9 of the Dungeon)

   Attacks with this weapon are significantly faster.
   It affects your dexterity (+2).
   It protects you from cold.
   It affects your resistance to hostile enchantments.
 R - the +8 whip of Extinguishment {chaos, MP+9 Str-2 Int+5}
   (You found it on level 2 of the Lair of Beasts)

   Each time it hits an enemy it has a different, random effect.
   It affects your strength (-2).
   It affects your intelligence (+5).
   It affects your magic capacity (+9).
Missiles
 a - 2 throwing nets
 N - 22 large rocks (quivered)
Armour
 o - a +2 troll leather armour (worn) {Purgy}
 q - a +2 hat (worn)
 s - a +1 cloak (worn)
 K - a +0 shield (worn)
 O - the +0 hat of Cowardice {rElec rF+ Str-4 Dex+2}
   (You acquired it on level 14 of the Dungeon)

   It affects your strength (-4).
   It affects your dexterity (+2).
   It protects you from fire.
   It insulates you from electricity.
Jewellery
 n - an uncursed amulet of magic regeneration
 w - an uncursed ring of wizardry
 y - a ring of protection from fire (left claw)
 H - a ring of poison resistance (right claw)
 J - an uncursed ring of protection from fire
 P - an uncursed ring of see invisible
 Q - an uncursed ring of resist corrosion
 T - an amulet of rage (around neck)
 V - an uncursed ring of ice
Wands
 m - a wand of confusion (18/48)
 D - a wand of acid (4/15)
 E - a wand of flame (9/48)
 F - a wand of paralysis (7/24)
 G - a wand of digging (6/24)
Scrolls
 c - 3 scrolls of recharging
 e - 4 scrolls of teleportation
 f - 2 scrolls of immolation
 g - 2 scrolls of fog
 k - 6 scrolls of remove curse
 r - a scroll of amnesia
 u - a scroll of holy word {unknown}
 x - a scroll of enchant weapon
 B - 2 scrolls of fear
 I - 4 scrolls of identify
 M - a scroll of magic mapping
Potions
 d - 4 potions of curing
 h - 2 potions of flight
 i - a potion of might
 p - a potion of agility
 v - a potion of magic
Books
 t - a book of Maledictions

   Spells                             Type                      Level
   a - Corona                         Hexes                        1
   b - Ensorcelled Hibernation        Hexes/Ice                    2
   c - Confuse                        Hexes                        3
   d - Tukima's Dance                 Hexes                        3
   e - Dazzling Spray                 Conjuration/Hexes            3
 U - a book of Dreams

   Spells                             Type                      Level
   a - Ensorcelled Hibernation        Hexes/Ice                    2
   b - Silence                        Hexes/Air                    5
   c - Darkness                       Hexes                        6
   d - Shadow Creatures               Summoning                    6
Comestibles
 b - 7 bread rations
 j - 9 meat rations
 z - 39 fruits
 C - 2 royal jellies


   Skills:
 - Level 11.2 Fighting
 - Level 5.3 Maces & Flails
 + Level 9.5 Throwing
 - Level 4.0 Dodging
 - Level 1.0 Stealth
 - Level 6.2 Shields
 + Level 16.0 Unarmed Combat


You had 13 spell levels left.
You didn't know any spells.

Dungeon Overview and Level Annotations

Branches:
Dungeon (15/15)            Temple (1/1) D:7            Lair (3/6) D:9
 Shoals (0/4) Lair:2        Snake (0/4) Lair:3          Orc (0/2) D:10
 Vaults (0/5) D:13         Depths (0/5) D:15

Altars:
Ashenzari
Cheibriados
Dithmenos
Elyvilon
Fedhas
Gozag
Hepliaklqana
Kikubaaqudgha
Makhleb
Nemelex Xobeh
Okawaru
Qazlal
Ru
Sif Muna
Trog
Uskayaw
Vehumet
Wu Jian
Xom
Yredelemnul
Zin
The Shining One
Beogh

Shops:
D:7 (   D:14 }

Annotations:
D:3 Grinder


Innate Abilities, Weirdness & Mutations

You are too large for most types of armour.
You have claws for hands.
Your metabolism is lightning-fast.
You like to eat raw meat.
Your natural rate of healing is unusually fast.
You are covered in fur. (AC +1)
You have very tough skin. (AC +2)
You have a pair of small antennae on your head.
You have sharp toenails.
You are resistant to hostile enchantments. (MR+)


Message History

The spiny frog looks frightened!
You block the spriggan's attack.
You feel better.
Cornered, the spiny frog turns to fight!
The spriggan completely misses you.
You barely miss the spriggan.
You claw the spriggan, but do no damage.
The spriggan is severely wounded.
You closely miss the spriggan. Your kick misses the spriggan.
The spriggan is severely wounded.
The spiny frog stings you!
* * * LOW HITPOINT WARNING * * *
The spriggan hits you but does no damage.
You mangle the spriggan!!
You kill the spriggan!
The Council accepts your kill. The spiny frog closely misses you.
You claw the spiny frog! Your kick misses the spiny frog.
The spiny frog is heavily wounded.
The spiny frog stings you!
You die...

....................##
#....................# ..
#....................#
.%.#....................#
...#................#..##
.%....†............##..##
....P.†............P#...#
....#..............##..##
.......)@.†........##...#
..♣#.##.F###.).#####..<##
♣# #..#...))..# ##..#
####.......# #...#
#P.........###..#
#......>.....#P..#
#..................
....#.......#.....!
....#.......##P###.


You could see a spiny frog.

Vanquished Creatures
  Kirke (D:13)
  Louise (D:13)
  Azrael (D:12)
  An ettin (D:15)
  Erolcha (D:10)
  3 centaur warriors
  A catoblepas (Lair:2)
  5 two-headed ogres
  3 tengu warriors
  The ghost of hairmachine the Cleaver, a novice FoAK of Lugonu (D:10)
  A hell knight (D:13)
  A deep troll (D:15)
  2 wizards (D:13)
  4 unseen horrors
  An orc knight (D:15)
  A lindwurm (Lair:2)
  A deep elf archer (D:15)
  The ghost of Yermak the Skirmisher, a novice GnCK of Xom (D:5)
  5 ugly things
  An orb spider (shapeshifter) (D:15)
  4 manticores
  6 cyclopes
  A gargoyle (D:12)
  A kobold demonologist (D:13)
  5 spiny frogs
  3 rime drakes (Lair:2)
  3 komodo dragons
  A tengu conjurer (D:15)
  A polar bear (Lair:2)
  6 trolls
  2 hornets
  6 blink frogs
  A snapping turtle (Lair:2)
  14 slime creatures
  5 hippogriffs
  A centaur simulacrum (D:15)
  Sigmund (D:5)
  A shadow (D:14)
  A wyvern (D:9)
  A spriggan (Lair:3)
  2 water elementals (D:11)
  5 fire elementals (D:12)
  5 yaks
  8 wraiths
  2 hogs
  4 hungry ghosts
  2 steam dragons
  2 basilisks
  A warg (D:15)
  3 nagas (Lair:3)
  3 hell hounds (D:12)
  A porcupine (Lair:2)
  5 water moccasins
  5 ice beasts
  Purgy (Sewer)
  15 orc warriors
  7 ogres
  4 phantoms
  22 wolves
  10 centaurs
  9 crocodiles
  5 bullfrogs
  A big kobold (D:12)
  A wyvern zombie (D:6)
  5 scorpions
  2 wyvern skeletons
  15 killer bees
  14 wights
  11 electric eels
  2 howler monkeys
  3 centaur zombies
  A bullfrog zombie (D:13)
  7 crimson imps
  2 quasits
  2 jellies
  6 hounds
  4 centaur skeletons
  8 orc priests
  Ijyb (D:5)
  A gnoll shaman (D:5)
  11 orc wizards
  Natasha (thrice) (D:4)
  A bullfrog skeleton (D:11)
  Jessica (D:2)
  5 iguanas
  14 worker ants
  A killer bee zombie (D:8)
  Robin (D:3)
  2 worker ant zombies
  12 gnolls
  12 adders
  2 shadow imps
  2 oozes
  An adder zombie (D:6)
  3 worms
  6 leopard geckos
  51 orcs
  7 giant cockroaches
  18 goblins
  10 hobgoblins
  3 jackals (D:7)
  3 quokkas
  3 ball pythons
  5 bats
  5 frilled lizards
  8 kobolds
  2 leopard gecko skeletons (D:4)
  8 rats
507 creatures vanquished.

Vanquished Creatures (others)
  An ogre mage (D:15)
  A human (D:13)
  A crocodile (D:13)
  An orc wizard (D:13)
  7 toadstools (Lair:2)
11 creatures vanquished.

Grand Total: 518 creatures vanquished

Notes
Turn   | Place    | Note
-------+----------+-------------------------------------------
     0 | D:1      | Ijustatesigmund the Troll Monk began the quest for the Orb.
     0 | D:1      | Reached XP level 1. HP: 22/22 MP: 0/0
    65 | D:1      | Reached XP level 2. HP: 28/29 MP: 1/1
   399 | D:2      | Found a snail-covered altar of Cheibriados.
   410 | D:2      | Found an iron altar of Okawaru.
   521 | D:2      | Found a bloodstained altar of Trog.
   547 | D:2      | Reached XP level 3. HP: 28/36 MP: 2/2
   582 | D:2      | Found a shadowy altar of Dithmenos.
   698 | D:2      | Found a white marble altar of Elyvilon.
   704 | D:2      | Reached skill level 4 in Unarmed Combat
   800 | D:2      | Found a faded altar of an unknown god.
   878 | D:2      | Noticed Jessica
   886 | D:2      | Killed Jessica
   886 | D:2      | Reached XP level 4. HP: 45/45 MP: 3/3
  1005 | D:3      | Found a glowing silver altar of Zin.
  1053 | D:3      | Noticed Robin
  1144 | D:3      | Killed Robin
  1189 | D:3      | Reached XP level 5. HP: 42/54 MP: 4/4
  1203 | D:3      | Found an ornate altar of the Wu Jian Council.
  1456 | D:3      | Reached skill level 5 in Unarmed Combat
  1620 | D:4      | Noticed Grinder
  1631 | D:4      | Noticed an ogre
  1651 | D:2      | Reached XP level 6. HP: 42/62 MP: 5/5
  1762 | D:4      | Reached skill level 6 in Unarmed Combat
  1874 | D:4      | Reached XP level 7. HP: 49/71 MP: 6/6
  1889 | D:4      | Noticed a dagger
  1892 | D:4      | Noticed a hand axe
  1904 | D:4      | Reached skill level 7 in Unarmed Combat
  1993 | D:4      | Found a hide-covered altar of Uskayaw.
  2080 | D:4      | Noticed Natasha
  2092 | D:4      | Killed Natasha
  2121 | D:4      | Reached skill level 5 in Fighting
  2124 | D:4      | Noticed Natasha
  2125 | D:4      | Killed Natasha
  2335 | D:4      | Noticed Natasha
  2341 | D:4      | Killed Natasha
  2436 | D:5      | Entered Level 5 of the Dungeon
  2437 | D:5      | Found a glowing drain.
  2457 | Sewer    | Entered a sewer
  2536 | Sewer    | Noticed Purgy
  2548 | Sewer    | Killed Purgy
  2623 | D:5      | Reached skill level 8 in Unarmed Combat
  2623 | D:5      | Reached XP level 8. HP: 80/80 MP: 7/7
  2895 | D:5      | Noticed Sigmund
  2898 | D:5      | Noticed Yermak's ghost (novice GnCK)
  2967 | D:5      | Killed Sigmund
  2995 | D:5      | Noticed Ijyb
  3000 | D:5      | Killed Ijyb
  3043 | D:5      | Killed Yermak's ghost
  3043 | D:5      | Reached skill level 9 in Unarmed Combat
  3207 | D:5      | Found a sparkling altar of Nemelex Xobeh.
  3208 | D:5      | Found a stormy altar of Qazlal.
  3579 | D:6      | Noticed a hippogriff
  3588 | D:6      | Killed a hippogriff
  3588 | D:6      | Reached skill level 10 in Unarmed Combat
  3588 | D:6      | Reached XP level 9. HP: 76/91 MP: 8/8
  4171 | D:6      | Found a radiant altar of Vehumet.
  4226 | D:7      | Found Iniwi's Weapon Shoppe.
  4293 | D:7      | Found a staircase to the Ecumenical Temple.
  4305 | Temple   | Entered the Ecumenical Temple
  4554 | D:7      | Reached skill level 11 in Unarmed Combat
  4578 | D:7      | Found a shimmering altar of Xom.
  4924 | D:7      | Found a burning altar of Makhleb.
  5222 | D:8      | Noticed a two-headed ogre
  5231 | D:8      | Killed a two-headed ogre
  5231 | D:8      | Reached skill level 12 in Unarmed Combat
  5231 | D:8      | Reached XP level 10. HP: 46/102 MP: 9/9
  5481 | D:8      | Found a radiant altar of Vehumet.
  5512 | D:8      | Noticed a two-headed ogre
  5523 | D:8      | Killed a two-headed ogre
  5926 | D:9      | Got a dazzling flail
  5927 | D:9      | Identified the +8 flail "Vifagop" {speed, rC+ MR+ Dex+2} (You found it on level 9 of the Dungeon)
  5989 | D:9      | Reached skill level 1 in Maces & Flails
  6061 | D:9      | Found a staircase to the Lair.
  6226 | D:9      | Gained mutation: You have a pair of small antennae on your head. [potion of mutation]
  6226 | D:9      | Gained mutation: You have sharp toenails. [potion of mutation]
  6226 | D:9      | Gained mutation: You are resistant to hostile enchantments. (MR+) [potion of mutation]
  6231 | D:9      | Found a glowing golden altar of the Shining One.
  6252 | D:9      | Got a bloodstained dagger
  6253 | D:9      | Identified the +4 dagger of Pulipeas {flame, +Blink rPois Str-2 Dex+9} (You found it on level 9 of the Dungeon)
  6305 | D:10     | Entered Level 10 of the Dungeon
  6327 | D:10     | Noticed hairmachine's ghost (novice FoAK)
  6348 | D:10     | Killed hairmachine's ghost
  6348 | D:10     | Reached skill level 5 in Maces & Flails
  6532 | D:10     | Reached XP level 11. HP: 102/111 MP: 10/10
  6595 | D:10     | Noticed Erolcha
  6603 | D:10     | Killed Erolcha
  6692 | D:10     | Found a staircase to the Orcish Mines.
  6761 | D:10     | Noticed a two-headed ogre
  6771 | D:10     | Killed a two-headed ogre
  7132 | D:3      | Became a worshipper of the Wu Jian Council
  7132 | D:3      | Reached * piety under Wu Jian
  7132 | D:3      | Reached ** piety under Wu Jian
  7969 | D:11     | Found a roughly hewn altar of Beogh.
  8226 | D:11     | Reached *** piety under Wu Jian
  8290 | D:11     | Reached skill level 10 in Fighting
  8297 | D:11     | Reached skill level 13 in Unarmed Combat
  8879 | D:12     | Killed an unseen horror
  8896 | D:12     | Killed an unseen horror
  8924 | D:12     | Noticed a cyan ugly thing
  8939 | D:12     | Killed a cyan ugly thing
  9158 | D:12     | Reached XP level 12. HP: 122/128 MP: 11/11
  9648 | D:12     | Reached **** piety under Wu Jian
  9796 | D:13     | Noticed Azrael
  9830 | D:13     | Noticed a tengu warrior
  9837 | D:12     | Reached skill level 14 in Unarmed Combat
  9912 | D:12     | Killed a tengu warrior
 10025 | D:12     | Killed Azrael
 10506 | D:13     | Noticed Kirke
 10508 | D:13     | Reached skill level 5 in Shields
 10521 | D:13     | Killed Kirke
 10617 | D:13     | Reached skill level 1 in Throwing
 10646 | D:13     | Noticed Louise
 10669 | D:13     | Killed Louise
 10669 | D:13     | Reached ***** piety under Wu Jian
 10669 | D:13     | Reached XP level 13. HP: 86/137 MP: 12/12
 10905 | D:13     | Reached skill level 5 in Throwing
 11036 | D:13     | Found a gate to the Vaults.
 11076 | D:13     | Found a white marble altar of Elyvilon.
 11178 | D:15     | Entered Level 15 of the Dungeon
 11450 | D:14     | Identified a scroll of acquirement
 11453 | D:14     | Got a distressingly furry hat
 11464 | D:14     | Identified the +0 hat of Cowardice {rElec rF+ Str-4 Dex+2} (You acquired it on level 14 of the Dungeon)
 11997 | D:14     | Found Upoquf's Gadget Emporium.
 12328 | D:15     | Found a hide-covered altar of Uskayaw.
 12421 | D:15     | Noticed an ettin
 12435 | D:15     | HP: 1/137 [ettin/dire flail (8)]
 12437 | D:15     | Killed an ettin
 12437 | D:15     | Reached skill level 15 in Unarmed Combat
 13111 | D:15     | Found a staircase to the Depths.
 13463 | D:11     | Reached XP level 14. HP: 130/146 MP: 13/13
 13600 | Lair:1   | Entered Level 1 of the Lair of Beasts
 14032 | Lair:1   | Got a wavering steel ring
 14093 | Lair:1   | Identified the +0 robe "Guikh" {SInv} (You found it on level 1 of the Lair of Beasts)
 14211 | Lair:1   | Identified the ring "Loreto" {Wiz *Slow rElec Dex+4} (You found it on level 1 of the Lair of Beasts)
 14681 | Lair:2   | Got a scorched whip
 14693 | Lair:2   | Identified the +8 whip of Extinguishment {chaos, MP+9 Str-2 Int+5} (You found it on level 2 of the Lair of Beasts)
 15132 | Lair:2   | Found a staircase to the Shoals.
 15257 | Lair:2   | Found a runed door.
 15482 | Lair:3   | Found a staircase to the Snake Pit.
 15502 | Lair:3   | Reached skill level 16 in Unarmed Combat
 15550 | Lair:3   | HP: 2/146 [spriggan/spear (6)]
 15555 | Lair:3   | HP: 5/146 [spiny frog (15)]
 15557 | Lair:3   | Slain by a spiny frog

Vault maps used:
D:1:      dpeg_arrival_shelter
D:2:      lemuel_round_altar, grunt_dithmenos_smoke, lightli_temple_of_fire,
          lemuel_crystal_altar, chequers_ecumenical_altar_island,
          elyvilon_altar_3, uniq_jessica
D:3:      nicolae_overflow_hidden_temple, lemuel_crystal_altar, first_bread,
          corexii_corridor_pit, st_stairs_11, uniq_robin
D:4:      dancing_weapons_uskayaw, uniq_grinder, uniq_natasha
D:5:      gammafunk_temple_overflow_pools, cheibrodos_sewer_entry_drain,
          grunt_ministairs_5, minmay_stone_trees_small, uniq_ijyb, uniq_sigmund
D:6:      overflow_temple_1_default, minmay_misc_feat_tiny
D:7:      marbit_many_paths, brannock_xom_greatest_gift,
          minmay_temple_entry_grid, serial_shops, nicolae_shop_statue_plus
D:8:      basic_altar, minmay_misc_feat_roman
D:9:      lemuel_crystal_altar, erik_lair_dragon
D:10:     orc_0_dummy, uniq_erolcha
D:11:     special_room
D:12:     blue_anna_alchemist, minmay_guarded_unrand_finisher
D:13:     david_vaults_1, basic_altar, sword_in_stone, uniq_kirke, uniq_azrael
D:14:     roderic_roman_lattice, serial_shops, shop, minmay_door_square,
          kennysheep_generic_room_15
D:15:     hangedman_depths_entry_civil_slaughter, lemuel_statue_altar
Temple:   jpeg_temple_island
Lair:1:   lemuel_fruit_tree
Lair:2:   gammafunk_lair_enchanted_lake, minmay_shoals_entry_hut, st_stairs_5,
          serial_bayou_shore_a
Lair:3:   dpeg_oklob_gauntlet, minmay_snake_entry_guardpost_small,
          grunt_forest_large_clearings, grunt_megastairs_3,
          minmay_lair_oklob_chamber
Sewer:    kennysheep_door_sewer

Skill      XL: |  1  2  3  4  5  6  7  8  9 10 11 12 13 14 |
---------------+-------------------------------------------+-----
Fighting       | 3 4 5 6 7 8 10 11 | 11.2
Unarmed Combat | 4 5 6 8 10 12 13 14 15 16 | 16.0
Maces & Flails | 5 |  5.3
Dodging        | 4 |  4.0
Shields        | 6 |  6.2
Throwing       | 3 8 9 |  9.5
Stealth        | |  1.0

Action                   |  1- 3 |  4- 6 |  7- 9 | 10-12 | 13-15 || total
-------------------------+-------+-------+-------+-------+-------++-------
Melee: Unarmed           |    83 |   164 |   282 |   660 |   510 ||  1699
       Punch             |     1 |     2 |     9 |    28 |       ||    40
       Kick              |       |       |       |   158 |   188 ||   346
       Whip              |       |       |       |       |    11 ||    11
Throw: Throwing net      |       |       |     1 |       |       ||     1
       Large rock        |       |       |       |       |    15 ||    15
Invok: Serpent's Lash    |       |       |       |       |     3 ||     3
 Abil: Evoke Berserk Rag |       |       |       |       |     1 ||     1
Evoke: Wand              |       |       |       |     7 |       ||     7
  Use: Scroll            |     8 |     3 |     6 |     7 |    10 ||    34
       Potion            |     3 |     1 |     3 |    10 |     5 ||    22
 Stab: Sleeping          |     1 |     2 |     5 |     2 |     2 ||    12
       Distracted        |     1 |       |       |       |     1 ||     2
       Invisible         |       |       |     1 |       |       ||     1
  Eat: Chunk             |    14 |     9 |    24 |    51 |    50 ||   148
       Fruit             |       |       |     3 |     5 |       ||     8
       Royal jelly       |       |       |     3 |       |       ||     3
       Bread ration      |       |       |     2 |       |       ||     2
Armor: Robe              |    19 |    58 |    24 |       |       ||   101
       Troll leather arm |       |       |    71 |   351 |   121 ||   543
Dodge: Dodged            |    40 |    91 |   131 |   317 |   179 ||   758
Block: Shield            |       |       |       |    17 |   221 ||   238
